Workbook

Sheet 12 Months cash flow statement
A1: STATEMENT OF CASH FLOW FOR TWELVE MONTHS
A3: DESCRIPTION | B3: Month 1 | C3: Month 2 | D3: Month 3 | E3: Month 4 | F3: Month 5 | G3: MONTH 6 | H3: MONTH 7 | I3: MONTH 8 | J3: MONTH 9 | K3: MONTH 10 | L3: MONTH 11 | M3: MONTH 12 | N3: TOTAL
A4: CASH RECEIPTS
A5: Revenue | B5: 262500 | C5: 262500 | D5: 262500 | E5: 262500 | F5: 262500 | G5: 262500 | H5: 262500 | I5: 262500 | J5: 262500 | K5: 262500 | L5: 262500 | M5: 262500 | N5: =SUM(B5:M5) -> 3150000
A6: owner's contributions | B6: 60000 | C6: 0 | D6: 0 | E6: 0 | F6: 0 | G6: 0 | H6: 0 | I6: 0 | J6: 0 | K6: 0 | L6: 0 | M6: 0 | N6: =M6+L6+K6+J6+I6+H6+G6+F6+E6+D6+C6+B6 -> 60000
A7: Business loan | B7: 2000000 | C7: 0 | D7: 0 | E7: 0 | F7: 0 | G7: 0 | H7: 0 | I7: 0 | J7: 0 | K7: 0 | L7: 0 | M7: 0 | N7: =M7+L7+K7+J7+I7+H7+G7+F7+E7+D7+C7+B7 -> 2000000
A8: TOTAL CASH RECEIVED | B8: =B5+B6+B7 -> 2322500 | C8: =C5+C6+C7 -> 262500 | D8: =D5+D6+D7 -> 262500 | E8: =E5+E6+E7 -> 262500 | F8: =F5+F6+F7 -> 262500 | G8: =G5+G6+G7 -> 262500 | H8: =H5+H6+H7 -> 262500 | I8: =I5+I6+I7 -> 262500 | ... N8: =N5+N6+N7 -> 5210000
A9: LESS CASH PAYMENTS | B9: =SUM(B10:B30) -> 1234275 | C9: =SUM(C10:C30) -> 338775 | D9: =SUM(D10:D30) -> 345776 | E9: =SUM(E10:E30) -> 338775 | F9: =SUM(F10:F30) -> 339275 | G9: =SUM(G10:G30) -> 345775 | H9: =SUM(H10:H30) -> 388775 | I9: =SUM(I10:I30) -> 338775 | ... N9: =SUM(N10:N30) -> 5039803
A10: Cost of Sales | B10: =ROUND(19%*B5,0) -> 49875 | C10: =ROUND(19%*C5,0) -> 49875 | D10: =ROUND(19%*D5,0) -> 49875 | E10: =ROUND(19%*E5,0) -> 49875 | F10: =ROUND(19%*F5,0) -> 49875 | G10: =ROUND(19%*G5,0) -> 49875 | H10: =ROUND(19%*H5,0) -> 49875 | I10: =ROUND(19%*I5,0) -> 49875 | ... M10: =ROUND(19%*M5,0) -> 49875 | N10: =SUM(B10:M10) -> 598500
A11: Bank Charges | B11: 1200 | C11: 1200 | D11: 1200 | E11: 1200 | F11: 1200 | G11: 1200 | H11: 1200 | I11: 1200 | J11: 1200 | K11: 1200 | L11: 1200 | M11: 1200 | N11: =SUM(B11:M11) -> 14400
A12: Accounting & Audit fees | B12: 15000 | C12: 15000 | D12: 15000 | E12: 15000 | F12: 15000 | G12: 15000 | H12: 15000 | I12: 15000 | J12: 15000 | K12: 15000 | L12: 15000 | M12: 15000 | N12: =SUM(B12:M12) -> 180000
A13: Fuel & Delivery | B13: 3000 | C13: 6000 | D13: 6000 | E13: 6000 | F13: 6000 | G13: 6000 | H13: 6000 | I13: 6000 | J13: 6000 | K13: 6000 | L13: 6000 | M13: 6000 | N13: =SUM(B13:M13) -> 69000
A14: Advertising | B14: 165900 | C14: 165900 | D14: 165900 | E14: 165900 | F14: 165900 | G14: 165900 | H14: 165900 | I14: 165900 | J14: 165900 | K14: 165900 | L14: 165900 | M14: 165900 | N14: =SUM(B14:M14) -> 1990800
A15: Loan repayments | B15: 8442 | C15: 8530 | D15: 8619 | E15: 8708 | F15: 8799 | G15: 8891 | H15: 8983 | I15: 9077 | J15: 9172 | K15: 9267 | L15: 9364 | M15: 9461 | N15: =SUM(B15:M15) -> 107313
A16: Finance Cost | B16: 20833 | C16: 20745 | D16: 20657 | E16: 20567 | F16: 20476 | G16: 20384 | H16: 20292 | I16: 20198 | J16: 20104 | K16: 20008 | L16: 19912 | M16: 19814 | N16: =SUM(B16:M16) -> 243990
A17: Wages & Salaries | B17: 39000 | C17: 39000 | D17: 39000 | E17: 39000 | F17: 39000 | G17: 39000 | H17: 39000 | I17: 39000 | J17: 39000 | K17: 39000 | L17: 39000 | M17: 39000 | N17: =M17+L17+K17+J17+I17+H17+G17+F17+E17+D17+C17+B17 -> 468000
A18: Repairs & Maintenance | B18: 0 | C18: 0 | D18: 7000 | E18: 0 | F18: 0 | G18: 7000 | H18: 0 | I18: 0 | J18: 7000 | K18: 0 | L18: 0 | M18: 7000 | N18: =M18+L18+K18+J18+I18+H18+G18+F18+E18+D18+C18+B18 -> 28000
A19: insurance | B19: 3750 | C19: 3750 | D19: 3750 | E19: 3750 | F19: 3750 | G19: 3750 | H19: 3750 | I19: 3750 | J19: 3750 | K19: 3750 | L19: 3750 | M19: 3750 | N19: =M19+L19+K19+J19+I19+H19+G19+F19+E19+D19+C19+B19 -> 45000
A20: Office Expenditure | B20: 1250 | C20: 1250 | D20: 1250 | E20: 1250 | F20: 1250 | G20: 1250 | H20: 1250 | I20: 1250 | J20: 1250 | K20: 1250 | L20: 1250 | M20: 1250 | N20: =SUM(B20:M20) -> 15000
A21: Rental, Water & Electricity | B21: 15000 | C21: 15000 | D21: 15000 | E21: 15000 | F21: 15000 | G21: 15000 | H21: 15000 | I21: 15000 | J21: 15000 | K21: 15000 | L21: 15000 | M21: 15000 | N21: =SUM(B21:M21) -> 180000
A22: Stationery | B22: 500 | C22: 0 | D22: 0 | E22: 0 | F22: 500 | G22: 0 | H22: 0 | I22: 0 | J22: 500 | K22: 0 | L22: 0 | M22: 0 | N22: =SUM(B22:M22) -> 1500
A23: Telephone & Internet | B23: 1500 | C23: 1500 | D23: 1500 | E23: 1500 | F23: 1500 | G23: 1500 | H23: 1500 | I23: 1500 | J23: 1500 | K23: 1500 | L23: 1500 | M23: 1500 | N23: =SUM(B23:M23) -> 18000
A24: Postage | B24: 25 | C24: 25 | D24: 25 | E24: 25 | F24: 25 | G24: 25 | H24: 25 | I24: 25 | J24: 25 | K24: 25 | L24: 25 | M24: 25 | N24: =SUM(B24:M24) -> 300
A25: Alarm & Security | B25: 1000 | C25: 1000 | D25: 1000 | E25: 1000 | F25: 1000 | G25: 1000 | H25: 1000 | I25: 1000 | J25: 1000 | K25: 1000 | L25: 1000 | M25: 1000 | N25: =SUM(B25:M25) -> 12000
A26: Consulting | B26: 10000 | C26: 10000 | D26: 10000 | E26: 10000 | F26: 10000 | G26: 10000 | H26: 10000 | I26: 10000 | J26: 10000 | K26: 10000 | L26: 10000 | M26: 10000 | N26: =SUM(B26:M26) -> 120000
A27: Taxation | B27: 0 | C27: 0 | D27: 0 | E27: 0 | F27: 0 | G27: 0 | H27: 0 | I27: 0 | J27: 0 | K27: 0 | L27: 0 | M27: 0 | N27: =SUM(B27:M27) -> 0
A28: Furniture & Fittings | B28: 50000 | C28: 0 | D28: 0 | E28: 0 | F28: 0 | G28: 0 | H28: 50000 | I28: 0 | J28: 0 | K28: 0 | L28: 0 | M28: 0 | N28: =SUM(B28:M28) -> 100000
A29: Other non-current assets | B29: 700000 | C29: 0 | D29: 0 | E29: 0 | F29: 0 | G29: 0 | H29: 0 | I29: 0 | J29: 0 | K29: 0 | L29: 0 | M29: 0 | N29: =SUM(B29:M29) -> 700000
A30: Vehicles | B30: 148000 | C30: 0 | D30: 0 | E30: 0 | F30: 0 | G30: 0 | H30: 0 | I30: 0 | J30: 0 | K30: 0 | L30: 0 | M30: 0 | N30: =SUM(B30:M30) -> 148000
A31: SURPLUS/DEFECIT | B31: =B8-B9 -> 1088225 | C31: =C8-C9 -> -76275 | D31: =D8-D9 -> -83276 | E31: =E8-E9 -> -76275 | F31: =F8-F9 -> -76775 | G31: =G8-G9 -> -83275 | H31: =H8-H9 -> -126275 | I31: =I8-I9 -> -76275 | ... N31: =N8-N9 -> 170197
A33: Opening balance | B33: 0 | C33: =B35 -> 1088225 | D33: =C35 -> 1011950 | E33: =D35 -> 928674 | F33: =E35 -> 852399 | G33: =F35 -> 775624 | H33: =G35 -> 692349 | I33: =H35 -> 566074 | J33: =I35 -> 489799 | ... N33: =M35 -> 170197
A34: plus surplus/defecit | B34: =B31 -> 1088225 | C34: =C31 -> -76275 | D34: =D31 -> -83276 | E34: =E31 -> -76275 | F34: =F31 -> -76775 | G34: =G31 -> -83275 | H34: =H31 -> -126275 | I34: =I31 -> -76275 | ... N34: =N31 -> 170197
A35: closing balance | B35: =B33+B34 -> 1088225 | C35: =C33+C34 -> 1011950 | D35: =D33+D34 -> 928674 | E35: =E33+E34 -> 852399 | F35: =F33+F34 -> 775624 | G35: =G33+G34 -> 692349 | H35: =H33+H34 -> 566074 | I35: =I33+I34 -> 489799 | ... N35: =N33+N34 -> 340394
A38: Assumptions
A39: 1. Loan interest is assumed to be 12.5% compounded monthly
A40: 2. Loan repayment is 10 years

Sheet 5 Year cash flow projections
A1: PROJECTED STTEMENT OF CASHLOW FOR FIVE YEARS
A3: DESCRIPTION | B3: YEAR 1 | C3: YEAR 2 | D3: YEAR 3 | E3: YEAR 4 | F3: YEAR 5
A4: CASH RECEIPTS
A5: Revenue | B5: ='12 Months cash flow statement'!N5 -> 3150000 | C5: ='Revenue Forecast'!C9 -> 3622500 | D5: ='Revenue Forecast'!D9 -> 4165875 | E5: ='Revenue Forecast'!E9 -> 4790756 | F5: ='Revenue Forecast'!F9 -> 5509369
A6: ='12 Months cash flow statement'!A6 -> owner's contributions | B6: ='12 Months cash flow statement'!B6 -> 60000 | C6: 0 | D6: 0 | E6: 0 | F6: =ROUND(E6*115/100,0) -> 0
A7: Business loan | B7: ='12 Months cash flow statement'!N7 -> 2000000 | C7: ='12 Months cash flow statement'!O7 -> 0 | D7: ='12 Months cash flow statement'!P7 -> 0 | E7: ='12 Months cash flow statement'!Q7 -> 0 | F7: =ROUND(E7*115/100,0) -> 0
A8: TOTAL CASH RECEIVED | B8: =B5+B6+B7 -> 5210000 | C8: =C5+C6+C7 -> 3622500 | D8: =D5+D6+D7 -> 4165875 | E8: =E5+E6+E7 -> 4790756 | F8: =F5+F6+F7 -> 5509369
A9: LESS CASH PAYMENTS | B9: =SUM(B10:B30) -> 5039803 | C9: =SUM(C10:C30) -> 3460138 | D9: =SUM(D10:D30) -> 3815179 | E9: =SUM(E10:E30) -> 4574068 | F9: =SUM(F10:F30) -> 5162984
A10: Cost of sales | B10: ='12 Months cash flow statement'!N10 -> 598500 | C10: =ROUND(19%*C5,0) -> 688275 | D10: =ROUND(19%*D5,0) -> 791516 | E10: =ROUND(25%*E5,0) -> 1197689 | F10: =ROUND(25%*F5,0) -> 1377342
A11: ='12 Months cash flow statement'!A11 -> Bank Charges | B11: ='12 Months cash flow statement'!N11 -> 14400 | C11: =B11 -> 14400 | D11: 14400 | E11: =D11 -> 14400 | F11: =E11 -> 14400
A12: ='12 Months cash flow statement'!A12 -> Accounting & Audit fees | B12: ='12 Months cash flow statement'!N12 -> 180000 | C12: 180000 | D12: 180000 | E12: 180000 | F12: 180000
A13: ='12 Months cash flow statement'!A13 -> Fuel & Delivery | B13: ='12 Months cash flow statement'!N13 -> 69000 | C13: =B13 -> 69000 | D13: 190000 | E13: 190000 | F13: =E13 -> 190000
A14: ='12 Months cash flow statement'!A14 -> Advertising | B14: ='12 Months cash flow statement'!N14 -> 1990800 | C14: 900000 | D14: 900000 | E14: =D14 -> 900000 | F14: 1000000
A15: ='12 Months cash flow statement'!A15 -> Loan repayments | B15: ='12 Months cash flow statement'!N15 -> 107313 | C15: 121523 | D15: 137614 | E15: 155837 | F15: 176472
A16: Finance Cost | B16: ='12 Months cash flow statement'!N16 -> 243990 | C16: 229780 | D16: 213688 | E16: 195466 | F16: 174831
A17: ='12 Months cash flow statement'!A17 -> Wages & Salaries | B17: ='12 Months cash flow statement'!N17 -> 468000 | C17: 800000 | D17: 800000 | E17: 933300 | F17: 1030000
A18: ='12 Months cash flow statement'!A18 -> Repairs & Maintenance | B18: ='12 Months cash flow statement'!N18 -> 28000 | C18: 40000 | D18: =C18 -> 40000 | E18: 40000 | F18: =E18 -> 40000
A19: ='12 Months cash flow statement'!A19 -> insurance | B19: ='12 Months cash flow statement'!N19 -> 45000 | C19: =B19*1.03 -> 46350 | D19: =C19*1.08 -> 50058 | E19: =ROUND(D19*1.05,0) -> 52561 | F19: 58000
A20: ='12 Months cash flow statement'!A20 -> Office Expenditure | B20: ='12 Months cash flow statement'!N20 -> 15000 | C20: =B20 -> 15000 | D20: 20000 | E20: =D20*1.02 -> 20400 | F20: =E20*1.04 -> 21216
A21: ='12 Months cash flow statement'!A21 -> Rental, Water & Electricity | B21: ='12 Months cash flow statement'!N21 -> 180000 | C21: =ROUND(B21*1.1,0) -> 198000 | D21: =ROUND(C21*1.1,0) -> 217800 | E21: =ROUND(D21*1.1,0) -> 239580 | F21: =ROUND(E21*1.1,0) -> 263538
A22: ='12 Months cash flow statement'!A22 -> Stationery | B22: ='12 Months cash flow statement'!N22 -> 1500 | C22: 1500 | D22: 1500 | E22: 1500 | F22: 1500
A23: ='12 Months cash flow statement'!A23 -> Telephone & Internet | B23: ='12 Months cash flow statement'!N23 -> 18000 | C23: 18000 | D23: 20000 | E23: 20000 | F23: 22000
A24: Postage | B24: ='12 Months cash flow statement'!N24 -> 300 | C24: 310 | D24: 330 | E24: 350 | F24: 350
A25: Alam & Security | B25: ='12 Months cash flow statement'!N25 -> 12000 | C25: 12000 | D25: 15000 | E25: 15000 | F25: 18000
A26: Consulting | B26: ='12 Months cash flow statement'!N26 -> 120000 | C26: =B26*1.05 -> 126000 | D26: 0 | E26: 0 | F26: 0
A27: Taxation | B27: ='12 Months cash flow statement'!N27 -> 0 | C27: 0 | D27: ='5 year income statement'!C25 -> 223273 | E27: ='5 year income statement'!D25 -> 417985 | F27: ='5 year income statement'!E25 -> 565335
A28: ='12 Months cash flow statement'!A28 -> Furniture & Fittings | B28: ='12 Months cash flow statement'!N28 -> 100000 | C28: 0 | D28: 0 | E28: 0 | F28: 30000
A29: Other Non-Current Assets | B29: ='12 Months cash flow statement'!N29 -> 700000 | C29: 0 | D29: 0 | E29: 0 | F29: 0
A30: Vehicle | B30: ='12 Months cash flow statement'!N30 -> 148000 | C30: 0 | D30: 0 | E30: 0 | F30: 0
A31: CASH RECEIVED | B31: =B8 -> 5210000 | C31: =C8 -> 3622500 | D31: =D8 -> 4165875 | E31: =E8 -> 4790756 | F31: =F8 -> 5509369
A32: LESS CASH PAYMENTS | B32: =B9 -> 5039803 | C32: =C9 -> 3460138 | D32: =D9 -> 3815179 | E32: =E9 -> 4574068 | F32: =F9 -> 5162984
A33: SURPLUS/ DEFECIT | B33: =B31-B32 -> 170197 | C33: =C31-C32 -> 162362 | D33: =D31-D32 -> 350696 | E33: =E31-E32 -> 216688 | F33: =F31-F32 -> 346385
A35: Opening balance | B35: 0 | C35: =B37 -> 170197 | D35: =C37 -> 332559 | E35: =D37 -> 683255 | F35: =E37 -> 899943
A36: Plus surplus | B36: =B33 -> 170197 | C36: =C33 -> 162362 | D36: =D33 -> 350696 | E36: =E33 -> 216688 | F36: =F33 -> 346385
A37: closing balance | B37: =B35+B36 -> 170197 | C37: =C36+C35 -> 332559 | D37: =D36+D35 -> 683255 | E37: =E35+E36 -> 899943 | F37: =F35+F36 -> 1246328

Sheet Revenue Forecast
A1: FIVE YEAR REVENUE PROJECTIONS
B3: YEAR 1 | C3: YEAR 2 | D3: YEAR 3 | E3: YEAR 4 | F3: YEAR 5
A4: CASH
A5: First Quarter | B5: 430000 | C5: =ROUND(115%*B5,0) -> 494500 | D5: =ROUND(115%*C5,0) -> 568675 | E5: =ROUND(115%*D5,0) -> 653976 | F5: =ROUND(115%*E5,0) -> 752072
A6: Second Qoarter | B6: 670000 | C6: =ROUND(115%*B6,0) -> 770500 | D6: =ROUND(115%*C6,0) -> 886075 | E6: =ROUND(115%*D6,0) -> 1018986 | F6: =ROUND(115%*E6,0) -> 1171834
A7: Third Quarter | B7: 670000 | C7: =ROUND(115%*B7,0) -> 770500 | D7: =ROUND(115%*C7,0) -> 886075 | E7: =ROUND(115%*D7,0) -> 1018986 | F7: =ROUND(115%*E7,0) -> 1171834
A8: Fourth Quarter | B8: 1380000 | C8: =ROUND(115%*B8,0) -> 1587000 | D8: =ROUND(115%*C8,0) -> 1825050 | E8: =ROUND(115%*D8,0) -> 2098808 | F8: =ROUND(115%*E8,0) -> 2413629
A9: Total | B9: =SUM(B5:B8) -> 3150000 | C9: =SUM(C5:C8) -> 3622500 | D9: =SUM(D5:D8) -> 4165875 | E9: =SUM(E5:E8) -> 4790756 | F9: =SUM(F5:F8) -> 5509369
A10: CREDIT
A11: First Quarter | B11: 143340 | C11: =ROUND(115%*B11,0) -> 164841 | D11: =ROUND(115%*C11,0) -> 189567 | E11: =ROUND(115%*D11,0) -> 218002 | F11: =ROUND(115%*E11,0) -> 250702
A12: Second Qoarter | B12: 223300 | C12: =ROUND(115%*B12,0) -> 256795 | D12: =ROUND(115%*C12,0) -> 295314 | E12: =ROUND(115%*D12,0) -> 339611 | F12: =ROUND(115%*E12,0) -> 390553
A13: Third Quarter | B13: 223300 | C13: =ROUND(115%*B13,0) -> 256795 | D13: =ROUND(115%*C13,0) -> 295314 | E13: =ROUND(115%*D13,0) -> 339611 | F13: =ROUND(115%*E13,0) -> 390553
A14: Fourth Quarter | B14: 460000 | C14: =ROUND(115%*B14,0) -> 529000 | D14: =ROUND(115%*C14,0) -> 608350 | E14: =ROUND(115%*D14,0) -> 699603 | F14: =ROUND(115%*E14,0) -> 804543
A15: Total | B15: =SUM(B11:B14) -> 1049940 | C15: =SUM(C11:C14) -> 1207431 | D15: =SUM(D11:D14) -> 1388545 | E15: =SUM(E11:E14) -> 1596827 | F15: =SUM(F11:F14) -> 1836351
A16: Grand-TOTAL | B16: =B9+B15 -> 4199940 | C16: =C9+C15 -> 4829931 | D16: =D9+D15 -> 5554420 | E16: =E9+E15 -> 6387583 | F16: =F9+F15 -> 7345720
B18: 1 | C18: 2 | D18: 3 | E18: 4 | F18: Total
A19: Books | B19: 50000 | C19: 100000 | D19: 100000 | E19: 250000 | F19: =SUM(B19:E19) -> 500000
A20: Film | B20: 300000 | C20: 400000 | D20: 400000 | E20: 900000 | F20: =SUM(B20:E20) -> 2000000
A21: Puzzle | B21: 40000 | C21: 80000 | D21: 80000 | E21: 100000 | F21: =SUM(B21:E21) -> 300000
A22: Boardgame | B22: 20000 | C22: 50000 | D22: 50000 | E22: 80000 | F22: =SUM(B22:E22) -> 200000
A23: Other material | B23: 20000 | C23: 40000 | D23: 40000 | E23: 50000 | F23: =SUM(B23:E23) -> 150000
A24: Total | B24: =SUM(B19:B20,B21,B22,B23) -> 430000 | C24: =SUM(C19:C20,C21,C22,C23) -> 670000 | D24: =SUM(D19:D20,D21,D22,D23) -> 670000 | E24: =SUM(E19:E20,E21,E22,E23) -> 1380000 | F24: =SUM(F19:F20,F21,F22,F23) -> 3150000

Sheet 5 year income statement
A1: BALA MEDIA POJECTED STATEMENT OF PROFIT OR LOSS AND OTHER COMPREHENSIVE INCOME FOR FIVE YEARS
A3: DESCRIPTION | B3: YEAR 1 | C3: YEAR 2 | D3: YEAR 3 | E3: YEAR 4 | F3: YEAR 5
A4: Revenue | B4: ='Revenue Forecast'!B16 -> 4199940 | C4: ='Revenue Forecast'!C16 -> 4829931 | D4: ='Revenue Forecast'!D16 -> 5554420 | E4: ='Revenue Forecast'!E16 -> 6387583 | F4: ='Revenue Forecast'!F16 -> 7345720
A5: less cost of sales | B5: =ROUND(B4*19%,0) -> 797989 | C5: =ROUND(C4*19%,0) -> 917687 | D5: =ROUND(D4*19%,0) -> 1055340 | E5: =ROUND(E4*19%,0) -> 1213641 | F5: =ROUND(F4*19%,0) -> 1395687
A6: GROSS PROFIT | B6: =B4-B5 -> 3401951 | C6: =C4-C5 -> 3912244 | D6: =D4-D5 -> 4499080 | E6: =E4-E5 -> 5173942 | F6: =F4-F5 -> 5950033
A7: Less Operating Expenditure | B7: =SUM(B8:B23) -> 4015590 | C7: =SUM(C8:C23) -> 3304440 | D7: =SUM(D8:D23) -> 3195876 | E7: =SUM(E8:E23) -> 3344487 | F7: =SUM(F8:F23) -> 3761765
A8: Bank Charges | B8: ='5 Year cash flow projections'!B11 -> 14400 | C8: ='5 Year cash flow projections'!C11 -> 14400 | D8: ='5 Year cash flow projections'!D11 -> 14400 | E8: ='5 Year cash flow projections'!E11 -> 14400 | F8: ='5 Year cash flow projections'!F11 -> 14400
A9: Accounting & Audit Fees | B9: ='5 Year cash flow projections'!B12 -> 180000 | C9: ='5 Year cash flow projections'!C12 -> 180000 | D9: ='5 Year cash flow projections'!D12 -> 180000 | E9: ='5 Year cash flow projections'!E12 -> 180000 | F9: ='5 Year cash flow projections'!F12 -> 180000
A10: Fuel & Delivery | B10: ='5 Year cash flow projections'!B13 -> 69000 | C10: 103500 | D10: 103500 | E10: 112330 | F10: 112330
A11: Advertising | B11: ='5 Year cash flow projections'!B14 -> 1990800 | C11: ='5 Year cash flow projections'!C14 -> 900000 | D11: ='5 Year cash flow projections'!D14 -> 900000 | E11: ='5 Year cash flow projections'!E14 -> 900000 | F11: ='5 Year cash flow projections'!F14 -> 1000000
A12: Finance Cost | B12: ='5 Year cash flow projections'!B16 -> 243990 | C12: ='5 Year cash flow projections'!C16 -> 229780 | D12: ='5 Year cash flow projections'!D16 -> 213688 | E12: ='5 Year cash flow projections'!E16 -> 195466 | F12: ='5 Year cash flow projections'!F16 -> 174831
A13: Salaries & Wages | B13: ='5 Year cash flow projections'!B17 -> 468000 | C13: ='5 Year cash flow projections'!C17 -> 800000 | D13: ='5 Year cash flow projections'!D17 -> 800000 | E13: ='5 Year cash flow projections'!E17 -> 933300 | F13: ='5 Year cash flow projections'!F17 -> 1030000
A14: Repairs & Maintenance | B14: ='5 Year cash flow projections'!B17 -> 468000 | C14: 470000 | D14: 470000 | E14: 470000 | F14: 470000
A15: Insurance | B15: ='5 Year cash flow projections'!B19 -> 45000 | C15: ='5 Year cash flow projections'!C19 -> 46350 | D15: ='5 Year cash flow projections'!D19 -> 50058 | E15: ='5 Year cash flow projections'!E19 -> 52561 | F15: ='5 Year cash flow projections'!F19 -> 58000
A16: Office Expense | B16: ='5 Year cash flow projections'!B20 -> 15000 | C16: ='5 Year cash flow projections'!C20 -> 15000 | D16: ='5 Year cash flow projections'!D20 -> 20000 | E16: ='5 Year cash flow projections'!E20 -> 20400 | F16: ='5 Year cash flow projections'!F20 -> 21216
A17: Rent, Water & Electricity | B17: ='5 Year cash flow projections'!B21 -> 180000 | C17: ='5 Year cash flow projections'!C21 -> 198000 | D17: ='5 Year cash flow projections'!D21 -> 217800 | E17: ='5 Year cash flow projections'!E21 -> 239580 | F17: ='5 Year cash flow projections'!F21 -> 263538
A18: Stationery | B18: ='5 Year cash flow projections'!B22 -> 1500 | C18: ='5 Year cash flow projections'!C22 -> 1500 | D18: ='5 Year cash flow projections'!D22 -> 1500 | E18: ='5 Year cash flow projections'!E22 -> 1500 | F18: ='5 Year cash flow projections'!F22 -> 1500
A19: Telephone & Internet | B19: ='5 Year cash flow projections'!B23 -> 18000 | C19: ='5 Year cash flow projections'!C23 -> 18000 | D19: ='5 Year cash flow projections'!D23 -> 20000 | E19: ='5 Year cash flow projections'!E23 -> 20000 | F19: ='5 Year cash flow projections'!F23 -> 22000
A20: Postage | B20: ='5 Year cash flow projections'!B24 -> 300 | C20: ='5 Year cash flow projections'!C24 -> 310 | D20: ='5 Year cash flow projections'!D24 -> 330 | E20: ='5 Year cash flow projections'!E24 -> 350 | F20: ='5 Year cash flow projections'!F24 -> 350
A21: Alarm system & Security | B21: ='5 Year cash flow projections'!B25 -> 12000 | C21: ='5 Year cash flow projections'!C25 -> 12000 | D21: ='5 Year cash flow projections'!D25 -> 15000 | E21: ='5 Year cash flow projections'!E25 -> 15000 | F21: ='5 Year cash flow projections'!F25 -> 18000
A22: Consulting | B22: ='5 Year cash flow projections'!B26 -> 120000 | C22: ='5 Year cash flow projections'!C26 -> 126000 | D22: ='5 Year cash flow projections'!D26 -> 0 | E22: ='5 Year cash flow projections'!E26 -> 0 | F22: ='5 Year cash flow projections'!F26 -> 0
A23: Depreciation | B23: 189600 | C23: 189600 | D23: 189600 | E23: 189600 | F23: 395600
A24: Profit before tax | B24: =B6-B7 -> -613639 | C24: =C6-C7 -> 607804 | D24: =D6-D7 -> 1303204 | E24: =E6-E7 -> 1829455 | F24: =F6-F7 -> 2188268
A25: Taxation | B25: =ROUND((B24+B23)*28%,0) -> -118731 | C25: =ROUND((C24+C23)*28%,0) -> 223273 | D25: =ROUND((D24+D23)*28%,0) -> 417985 | E25: =ROUND((E24+E23)*28%,0) -> 565335 | F25: =ROUND((F24+F23)*28%,0) -> 723483
A26: Net Income (Loss) | B26: =B24-B25 -> -494908 | C26: =C24-C25 -> 384531 | D26: =D24-D25 -> 885219 | E26: =E24-E25 -> 1264120 | F26: =F24-F25 -> 1464785
A27: Dividend | B27: 0 | C27: 0 | D27: 0 | E27: 0 | F27: 0
A28: Retained Earnings | B28: 0 | C28: =C26-C27 -> 384531 | D28: =D26-D27 -> 885219 | E28: =E26-E27 -> 1264120 | F28: =F26-F27 -> 1464785
A31: ASSUMPTIONS
A32: Revenues icreased by 20% per year
A33: COST OF SALES INCREASE BY 8%
A34: LOAN IS R2 000 000
A35: Depreciation is 20% pa using straight line method on all property, plant and equipment

Sheet Balance sheet 
A1: BALA MEDIA PROJECTED STATEMENT OF FINANCIAL POSITION FOR FIVE YEARS
B3: Year 1 | C3: Year 2 | D3: Year 3 | E3: Year 4 | F3: Year 5
A4: Assets
A5: Non-Current Assets | B5: =B6+B7 -> 948000 | C5: =C6+C7 -> 948000 | D5: =D6+D7 -> 2286910 | E5: =E6+E7 -> 3585431 | F5: =F6+F7 -> 8639272
A6: Property Plant & Equipment | B6: 948000 | C6: 948000 | D6: 948000 | E6: 948000 | F6: 978000
A7: Financial Assets | B7: 0 | C7: 0 | D7: 1338910 | E7: 2637431 | F7: 7661272
A9: Currents Assets | B9: =SUM(B10:B12) -> 2991722 | C9: =SUM(C10:C12) -> 3918326 | D9: =SUM(D10:D12) -> 2177334 | E9: =SUM(E10:E12) -> 2618134 | F9: =SUM(F10:F12) -> 3222248
A10: Trade & Other receivables | B10: 2741726 | C10: 3493998 | D10: ='Revenue Forecast'!D15 -> 1388545 | E10: ='Revenue Forecast'!E15 -> 1596827 | F10: ='Revenue Forecast'!F15 -> 1836351
A11: Cash & Cash Equivalence | B11: ='5 Year cash flow projections'!B37 -> 170197 | C11: ='5 Year cash flow projections'!C37 -> 332559 | D11: ='5 Year cash flow projections'!D37 -> 683255 | E11: ='5 Year cash flow projections'!E37 -> 899943 | F11: ='5 Year cash flow projections'!F37 -> 1246328
A12: Inventory | B12: =ROUND(10%*'5 year income statement'!B5,0) -> 79799 | C12: =ROUND(10%*'5 year income statement'!C5,0) -> 91769 | D12: =ROUND(10%*'5 year income statement'!D5,0) -> 105534 | E12: =ROUND(10%*'5 year income statement'!E5,0) -> 121364 | F12: =ROUND(10%*'5 year income statement'!F5,0) -> 139569
A14: Total Assets | B14: =+B5+B9 -> 3939722 | C14: =+C5+C9 -> 4866326 | D14: =+D5+D9 -> 4464244 | E14: =+E5+E9 -> 6203565 | F14: =+F5+F9 -> 11861520
A16: Equity & Liabilities
A17: Equity | B17: =+B18+B19 -> 60000 | C17: =+C18+C19 -> 444531 | D17: =+D18+D19 -> 945219 | E17: =+E18+E19 -> 1324120 | F17: =+F18+F19 -> 1524785
A18: Members interest | B18: 60000 | C18: 60000 | D18: 60000 | E18: 60000 | F18: 60000
A19: Retained Earnings | B19: ='5 year income statement'!B28 -> 0 | C19: ='5 year income statement'!C28 -> 384531 | D19: ='5 year income statement'!D28 -> 885219 | E19: ='5 year income statement'!E28 -> 1264120 | F19: ='5 year income statement'!F28 -> 1464785
A21: Non-current liabilities | B21: =+B22+B23 -> 1892687 | C21: =+C22+C23 -> 1771164 | D21: =+D22+D23 -> 1633550 | E21: =+E22+E23 -> 1477713 | F21: =+F22+F23 -> 1301240
A22: Members Loans | B22: 0 | C22: 0 | D22: 0 | E22: 0 | F22: 0
A23: Long Term liabilities | B23: 1892687 | C23: 1771164 | D23: 1633550 | E23: 1477713 | F23: 1301240
A25: Current liabilities | B25: =SUM(B26:B29) -> 1987035 | C25: =SUM(C26:C29) -> 2650631 | D25: =SUM(D26:D29) -> 1885475 | E25: =SUM(E26:E29) -> 3401732 | F25: =SUM(F26:F29) -> 9035495
A26: Trade & Other Payables | B26: 451400 | C26: 501025 | D26: 1159514 | E26: 3050429 | F26: 7110722
A27: Current Potion of long term loan | B27: 107313 | C27: 121523 | D27: 137614 | E27: 155837 | F27: 176472
A28: Interest | B28: 243990 | C28: 229780 | D28: 213688 | E28: 195466 | F28: 1748301
A29: Bank overdraft | B29: 1184332 | C29: 1798303 | D29: 374659 | E29: 0 | F29: 0
A31: Total Equity & Liabiites | B31: =B17+B21+B25 -> 3939722 | C31: =C17+C21+C25 -> 4866326 | D31: =D17+D21+D25 -> 4464244 | E31: =E17+E21+E25 -> 6203565 | F31: =F17+F21+F25 -> 11861520
A34: NB. Depereciation was culculated at 20% annually in all the fixed assets using straight line method
